 Dungeon Crawl Stone Soup version 0.30.1-3-gfc49f6343a (webtiles) character file.

Game seed: 13256853883318583414

1929 Heoruswealwe the Thaumaturge (level 8, -6/41 HPs)
             Began as a Deep Elf Conjurer on July 18, 2023.
             Was a Believer of Vehumet.
             Engulfed by a cloud of flame (12 damage)
             ... on level 6 of the Dungeon.
             The game lasted 00:52:23 (4522 turns).

Heoruswealwe the Thaumaturge (Deep Elf Conjurer)    Turns: 4522, Time: 00:52:23

Health: -6/41      AC: 10    Str:  4    XL:     8   Next: 96%
Magic:  25/25      EV: 12    Int: 29    God:    Vehumet [**....]
Gold:   67         SH:  0    Dex: 13    Spells: 13/29 levels left

rFire   . . .        b - +9 rapier of Frustration {flame, Int+3}
rCold   . . .        (no shield)
rNeg    . . .        c - +2 robe {Will+}
rPois   .            g - +0 helmet
rElec   .            (no cloak)
rCorr   .            (no gloves)
SInv    .            e - +0 pair of boots
Will    +....        (no amulet)
Stlth   ++           k - +4 ring of protection
HPRegen 0.26/turn    (no ring)
MPRegen 0.19/turn

%: no passive effects
@: no status effects
A: no striking features
a: Renounce Religion


You were on level 6 of the Dungeon.
You worshipped Vehumet.
Vehumet was pleased with you.
You visited 1 branch of the dungeon, and saw 6 of its levels.

You collected 265 gold pieces.
You spent 198 gold pieces at shops.

Inventory:

Hand Weapons
 b - the +9 rapier of Frustration (weapon) {flame, Int+3}
   (You bought it in a shop on level 2 of the Dungeon)

   Int:       It affects your intelligence (+3).
 x - a +0 war axe
Armour
 c - a +2 robe of willpower (worn)
 e - a +0 pair of boots (worn)
 g - a +0 helmet (worn)
 t - a +1 robe of fire resistance
Magical Staves
 r - a staff of poison
Jewellery
 k - a +4 ring of protection (left hand)
Wands
 u - a wand of flame (11)
 w - a wand of polymorph (8)
 y - a wand of paralysis (24)
Scrolls
 a - a scroll of enchant weapon
 h - 2 scrolls of poison
 l - 2 scrolls of enchant armour
 m - a scroll of amnesia
 n - 4 scrolls of magic mapping {unknown}
 o - a scroll of silence {unknown}
 z - 2 scrolls of immolation {unknown}
 B - a scroll of fog {unknown}
Potions
 d - 2 potions of lignification {unknown}
 f - 2 potions of heal wounds
 i - 3 potions of flight {unknown}
 j - a potion of berserk rage {unknown}
 p - a potion of ambrosia {unknown}
 q - 2 potions of curing
 s - a potion of mutation {unknown}
 v - a potion of brilliance
 A - a potion of resistance


   Skills:
 - Level 2.4 Dodging
 - Level 2.4 Stealth
 + Level 11.1 Spellcasting
 + Level 10.1 Conjurations


You had 13 spell levels left.
You knew the following spells:

 Your Spells              Type           Power      Damage    Failure   Level
a - Magic Dart            Conj           100%       1d8       1%          1
b - Shock                 Conj/Air       100%       1d9       1%          1
c - Kiss of Death         Conj/Necr      100%       2d13      1%          1
d - Searing Ray           Conj           100%       2d8       1%          2
e - Dazzling Flash        Conj/Hex       90%        N/A       1%          3
f - Fulminant Prism       Conj/Hex       22%        3d12      4%          4
g - Iskenderun's Mystic   Conj/Tloc      45%        2d10      4%          4

Your spell library contained the following spells:

 Spells                   Type           Power      Damage    Failure   Level


Dungeon Overview and Level Annotations

Branches:
Dungeon (6/15)
 Temple: D:4-7

Altars:
Cheibriados
Gozag
Makhleb
Nemelex Xobeh
Trog
Vehumet
Wu Jian
Xom
The Shining One

Shops:
D:2 (   D:3 :   D:5 *

Annotations:
D:6 1 transporter


Message History

Casting: Magic Dart (safe; 1% risk of failure)
Confirm with . or Enter, or press ? or * to list all spells.
You erupt in a blast of force!
The mystic blast hits the fire bat!!
You kill the fire bat!
Vehumet accepts your kill.
Your Spellcasting skill increases to level 11!
Your Conjurations skill increases to level 10!
You start resting.
Magic restored.
Really walk into a travel-excluded area?
Uppercase [Y]es or [N]o only, please.
Really walk into a travel-excluded area?
You are engulfed in blazing flames.
There is an open gate here.
Really walk into a travel-excluded area?
You are engulfed in blazing flames.
* * * LOW HITPOINT WARNING * * *
There is an open gate here.
You start resting.
HP restored.
Really walk into a travel-excluded area?
There is an open gate, spattered with blood here.
Really walk into a travel-excluded area?
You are engulfed in blazing flames.
There is an open gate here.
You are engulfed in blazing flames.
Ouch! That really hurt!
* * * LOW HITPOINT WARNING * * *
There is an open gate, spattered with blood here.
You start resting.
HP restored.
Okay, then.
Really walk into a travel-excluded area?
You are engulfed in blazing flames.
There is an open gate here.
You are engulfed in blazing flames.
Ouch! That really hurt!
* * * LOW HITPOINT WARNING * * *
You are engulfed in blazing flames.
You die...

#........###.....)....##########
#.##......#...#.#####.######
#.###.####..##...##...?....# #.#
#(..##..##.©.##.##.###.# #.#
###.##############.# #.# #.#
##.###°°☼)©?☼○○##.# #.# #.#
##...##○○☼$)$°○°##.# #.#
#.###.....#.○○...○○°##.# #.#
#.##).....#○°.☼@○☼☼☼##.# #.#
#.........#○☼☼○○○°○°##.# #.#
####....>.####'○○#####.###.#
#.......#☼°...○○#..>....#
#.#...#.#☼☼#.#○○###.#####
#.#####.#☼○...°○###.#
#.#####.#☼°#©#☼°#...#
#...[...#☼☼☼☼.°°#####
#.##.####..○..○○########


There were no monsters in sight!

Vanquished Creatures
  Grinder (D:3)
  Sigmund (D:3)
  A fire bat (D:6)
  Menkaure (D:4)
  Edmund (D:5)
  Duvessa (D:5)
  A black bear (D:6)
  3 ogres
  A phantom (D:4)
  A gnoll sergeant (D:6)
  A wight (D:6)
  Dowan (D:5)
  A howler monkey (D:5)
  4 orc priests
  2 hounds (D:4)
  Jessica (D:3)
  An iguana (D:5)
  2 orc wizards (D:5)
  Ijyb (D:4)
  3 adders (D:3)
  5 gnolls (D:6)
  An ufetubus (D:5)
  3 worms
  4 dart slugs
  17 orcs
  9 endoplasms
  5 giant cockroaches
  8 goblins
  3 hobgoblins
  4 kobolds
  6 quokkas
  8 ball pythons
  4 bats
  4 frilled lizards
  4 rats
114 creatures vanquished.

Notes
Turn   | Place    | Note
-------+----------+-------------------------------------------
     0 | D:1      | Heoruswealwe the Deep Elf Conjurer began the quest for the
                  | Orb.
     0 | D:1      | Reached XP level 1. HP: 10/10 MP: 6/6
   125 | D:1      | Reached XP level 2. HP: 15/15 MP: 1/8
   130 | D:1      | Learned a level 2 spell: Searing Ray
   312 | D:1      | Found a faded altar of an unknown god.
   736 | D:2      | Reached skill level 4 in Spellcasting
   837 | D:2      | Reached skill level 5 in Conjurations
   837 | D:2      | Reached XP level 3. HP: 19/19 MP: 6/10
   841 | D:2      | Learned a level 3 spell: Dazzling Flash
  1064 | D:2      | Found Zolusm's Antique Weapon Shop.
  1389 | D:3      | Found a bloodstained altar of Trog.
  1407 | D:4      | Noticed Menkaure
  1412 | D:4      | Killed Menkaure
  1413 | D:4      | Reached skill level 5 in Spellcasting
  1413 | D:4      | Reached XP level 4. HP: 24/24 MP: 4/13
  1413 | D:4      | Reached XP level 5. HP: 28/28 MP: 4/15
  1418 | D:4      | Learned a level 4 spell: Fulminant Prism
  1423 | D:4      | Learned a level 4 spell: Iskenderun's Mystic Blast
  1435 | D:4      | Found a shimmering altar of Xom.
  1489 | D:3      | Found a radiant altar of Vehumet.
  1497 | D:3      | Became a worshipper of Vehumet
  1634 | D:3      | Noticed Jessica
  1636 | D:3      | Killed Jessica
  1688 | D:3      | Found an ornate altar of the Wu Jian Council.
  1702 | D:3      | Reached skill level 6 in Spellcasting
  1715 | D:3      | Noticed Sigmund
  1716 | D:3      | Found Risemosupn's Book Boutique.
  1721 | D:3      | Killed Sigmund
  1722 | D:3      | Reached XP level 6. HP: 26/32 MP: 4/17
  1787 | D:3      | Found a burning altar of Makhleb.
  1916 | D:3      | Reached skill level 7 in Spellcasting
  1996 | D:3      | Noticed Grinder
  2006 | D:3      | Killed Grinder
  2007 | D:3      | Reached XP level 7. HP: 36/36 MP: 1/20
  2072 | D:3      | Reached skill level 8 in Spellcasting
  2079 | D:3      | Reached * piety under Vehumet
  2079 | D:3      | Offered knowledge of Shock by Vehumet.
  2082 | D:3      | Learned a level 1 spell: Shock
  2283 | D:4      | Noticed Ijyb
  2293 | D:4      | Killed Ijyb
  2490 | D:4      | Found a sparkling altar of Nemelex Xobeh.
  2556 | D:4      | Found a snail-covered altar of Cheibriados.
  2714 | D:5      | Entered Level 5 of the Dungeon
  2726 | D:5      | Reached skill level 9 in Spellcasting
  2726 | D:5      | Reached XP level 8. HP: 41/41 MP: 16/23
  2879 | D:5      | Found Gozag's Platinum Reserve.
  2992 | D:5      | Noticed Edmund
  3005 | D:5      | Killed Edmund
  3153 | D:5      | Found an opulent altar of Gozag.
  3232 | D:5      | Noticed Dowan
  3234 | D:5      | Noticed Duvessa
  3242 | D:5      | Killed Duvessa
  3244 | D:5      | Killed Dowan
  3245 | D:5      | Reached skill level 10 in Spellcasting
  3470 | D:2      | Bought a bloodstained rapier for 198 gold pieces
  3470 | D:2      | Identified the +9 rapier of Frustration {flame, Int+3} (You
                  | bought it in a shop on level 2 of the Dungeon)
  3829 | D:6      | Found a glowing golden altar of the Shining One.
  3918 | D:6      | Found a transporter.
  3939 | D:6      | Offered knowledge of Kiss of Death by Vehumet.
  3945 | D:6      | Learned a level 1 spell: Kiss of Death
  3999 | D:6      | Found a transporter.
  4051 | D:6      | Reached ** piety under Vehumet
  4200 | D:6      | Reached skill level 11 in Spellcasting
  4200 | D:6      | Reached skill level 10 in Conjurations
  4522 | D:6      | Engulfed by a cloud of flame

Illustrated notes

Levels and vault maps discovered:
D:1:      amcnicky_arrival_blooded_trapdoor, layout_loops_ring,
          ebering_ecumenical_altar_webs, kennysheep_boxes
D:2:      layout_loops_ring, serial_shops, shop
D:3:      layout_rooms, nicolae_overflow_crystal_walls,
          nicolae_overflow_hidden_temple, mainiacjoe_overflow_surrounded_room,
          mainiacjoe_overflow_alcove_2, serial_shops, shop,
          kennysheep_jessica_study, uniq_grinder, uniq_sigmund
D:4:      layout_rooms, cheibriados_altar_1, nemelex_xobeh_ov_fountains_minmay,
          mainiacjoe_overflow_six_doors_small, uniq_menkaure, uniq_ijyb
D:5:      layout_loops_ring, nicolae_gozag_zags_fifth_avenue, minmay_liquid_box,
          dreamdust_mushroom_princess, uniq_duvessa, uniq_edmund
D:6:      gammafunk_cloud_chamber, layout_loops_ring,
          mainiacjoe_overflow_concentric_impassable

Skill      XL: |  1  2  3  4  5  6  7  8 |
---------------+-------------------------+-----
Spellcasting   | 4 5 6 7 9 11 | 11.1
Conjurations   | 5 6 7 8 10 | 10.1
Dodging        | |  2.4
Stealth        | |  2.4

Action                     |  1- 3 |  4- 6 |  7- 9 || total
---------------------------+-------+-------+-------++-------
  Melee: Unarmed           |     3 |       |       ||     3
         War axe           |       |       |     6 ||     6
   Cast: Magic Dart        |    78 |    48 |    62 ||   188
         Searing Ray       |     1 |     6 |    31 ||    38
         Iskenderun's Myst |       |       |     6 ||     6
    Use: Scroll            |       |     5 |     1 ||     6
         Potion            |       |     1 |     1 ||     2
 Armour: Robe              |     1 |     2 |     6 ||     9
  Dodge: Dodged            |     4 |    12 |    18 ||    34
